 Dungeon Crawl Stone Soup version 0.30-a0-728-gc68057be0a (webtiles) character file.

Game seed: 6570718310266901769

49 Laraso the Magician (level 3, -4/24 HPs)
             Began as a Mummy Earth Elementalist on Jan 30, 2023.
             Slain by an orc
             ... wielding a +0 hand axe
              (5 damage)
             ... on level 3 of the Dungeon.
             The game lasted 00:02:28 (1714 turns).

Laraso the Magician (Mummy Earth Elementalist)      Turns: 1714, Time: 00:02:29

Health: -4/24      AC:  2    Str: 11    XL:     3   Next: 51%
Magic:  5/9        EV: 12    Int: 16    God:
Gold:   144        SH:  0    Dex: 12    Spells: 8/12 levels left

rFire   x . .      SeeInvis .    a - +4 sling
rCold   + . .      Faith    +    (no shield)
rNeg    + + +      Spirit   .    e - +0 robe
rPois   ∞          Reflect  .    (no helmet)
rElec   .          Harm     .    (no cloak)
rCorr   .          Rampage  .    (no gloves)
Will    .....                    (no boots)
Stlth   ++                       (no amulet)
HPRegen 0.24/turn                d - ring of wizardry
MPRegen 0.11/turn                (no ring)

@: no status effects
A: cold resistance 1, negative energy resistance 3, torment resistance 2, heat
vulnerability 1, in touch with death 1, no potions, faith
a: no special abilities


You were on level 3 of the Dungeon.
You visited 1 branch of the dungeon, and saw 3 of its levels.

You collected 144 gold pieces.

Inventory:

Hand Weapons
 a - a +4 sling (weapon)
 b - a +0 quarterstaff of speed
 i - the +8 whip of Uxtyfalo {pain, *Corrode rElec rN+ SInv}
   (You took it off a hobgoblin on level 2 of the Dungeon)

   rElec:     It insulates you from electricity.
   rN:        It protects you from negative energy.
   SInv:      It lets you see invisible.
   *Corrode:  It may corrode you when you take damage.
Armour
 e - a +0 robe (worn)
Jewellery
 d - a ring of wizardry (left hand)
Scrolls
 c - 3 scrolls of identify
 g - a scroll of enchant weapon
 k - a scroll of magic mapping {unknown}
 l - a scroll of amnesia {unknown}
 m - a scroll of immolation {unknown}


   Skills:
 - Level 1.5 Dodging
 - Level 1.5 Stealth
 - Level 5.0 Spellcasting
 * Level 0.0 Conjurations
 * Level 0.7 Transmutations
 * Level 2.4 Earth Magic


You had 8 spell levels left.
You knew the following spells:

 Your Spells              Type           Power      Damage    Failure   Level
a - Sandblast             Erth           22%        2d7       2%          1
b - Stone Arrow           Conj/Erth      14%        3d7       12%         3

Your spell library contained the following spells:

 Spells                   Type           Power      Damage    Failure   Level
 Passwall                 Tmut/Erth      7%         N/A       4%          2
 Blink                    Tloc           8%         N/A       9%          2
 Lesser Beckoning         Tloc           8%         N/A       9%          2
 Momentum Strike          Conj/Tloc      8%         3d8       9%          2
 Petrify                  Tmut/Erth      9%         N/A       32%         4


Dungeon Overview and Level Annotations

Branches:
Dungeon (3/15)

Altars:

Shops:
D:1 :


Innate Abilities, Weirdness & Mutations

You are immune to poison.
Your flesh is cold resistant. (rC+)
You are immune to negative energy. (rN+++)
You are immune to unholy pain and torment.
You are vulnerable to heat. (rF-)
You are in touch with the powers of death.
You do not drink.
You have a special connection with the divine. (Faith)


Message History

Your Spellcasting skill increases to level 5!
You need to enable at least one skill for training.
Found a clear potion and 7 stones.
Things that are here:
a +0 flail; an orc corpse A hobgoblin and 2 orcs come into view.
An orc is wielding a +0 hand axe and wearing a +1 scale mail of fire resistance.
The orc shouts!
You hear an angry hiss.
The blast of sand hits the orc but does no damage.
The hobgoblin shouts!
You hear an angry hiss.
An adder comes into view.
An orc comes into view. It is wielding a +0 flail.
The adder moves out of view.
The blast of sand hits the orc but does no damage.
The orc shouts!
You hear an angry hiss.
The orc hits you but does no damage.
The blast of sand hits the orc but does no damage.
The blast of sand hits the orc but does no damage.
The orc hits you with a +0 hand axe. The orc hits you with a +0 club.
The orc barely misses you.
The blast of sand hits the orc but does no damage.
The orc hits you with a +0 club. The orc hits you with a +0 hand axe.
As you read the scroll labelled VEERPHALEMY, it crumbles to dust.
It is a scroll of identify.
g - a scroll of enchant weapon The orc hits you with a +0 club.
The orc hits you with a +0 hand axe.
* * * LOW HITPOINT WARNING * * *
You can't drink.
As you read the scroll labelled REPIYT LI UTTERUCH, it crumbles to dust.
You hear a loud clanging noise!
It was a scroll of noise.
You hear a shout!
The orc hits you with a +0 club.
* * * LOW HITPOINT WARNING * * *
The orc closely misses you.
The air fills with toxic fumes!
As you read the scroll labelled ACYENA SUAPE, it crumbles to dust.
It was a scroll of poison.
The orc misses you. The orc hits you with a +0 hand axe.
You die...

#.######...#.# #.#
#.# #§§§#####.#
#§§§#...#.#
#.######§§§#.###.#
.......§§§§#.# #.#
#.######§§##.###.#
#.######§§##.....#
#.§§§§§§§§########
.(§§§§§§o@#
#########o#


og# §§S§ §§§§## §§§§§# §§§§§§# §§§§§§§# You could see an adder, 3 orcs and a
hobgoblin.

Vanquished Creatures
  An adder (D:2)
  A dart slug (D:2)
  An orc (D:3)
  6 ball pythons
  7 bats
  An endoplasm (D:1)
  5 giant cockroaches
  A goblin (D:1)
  3 hobgoblins
  A frilled lizard (D:1)
  5 kobolds
  2 rats
34 creatures vanquished.

Notes
Turn   | Place    | Note
-------+----------+-------------------------------------------
     0 | D:1      | Laraso the Mummy Earth Elementalist began the quest for the
                  | Orb.
     0 | D:1      | Reached XP level 1. HP: 13/13 MP: 4/4
   326 | D:1      | Reached skill level 3 in Spellcasting
   538 | D:1      | Reached XP level 2. HP: 19/19 MP: 3/6
   660 | D:1      | Found Viuher's Vocational Training.
   861 | D:1      | Reached skill level 4 in Spellcasting
  1135 | D:2      | Gained mutation: You are in touch with the powers of death.
                  | [Mummy growth]
  1135 | D:2      | Reached XP level 3. HP: 24/24 MP: 5/8
  1163 | D:2      | Identified the +8 whip of Uxtyfalo {pain, *Corrode rElec
                  | rN+ SInv}
  1294 | D:2      | Learned a level 3 spell: Stone Arrow
  1699 | D:3      | Reached skill level 5 in Spellcasting
  1713 | D:3      | HP: 1/24 [orc/+0 club (5)]
  1714 | D:3      | Slain by an orc

Illustrated notes

Levels and vault maps discovered:
D:1:      minmay_arrival_widening_spiral_wide, layout_basic,
          nicolae_shop_vocational
D:2:      layout_rooms
D:3:      layout_basic, minmay_misc_feat_room, uniq_robin, uniq_terence

Skill      XL: |  1  2  3 |
---------------+----------+-----
Spellcasting   | 3 4 5 |  5.0
Dodging        | |  1.5
Stealth        | |  1.5
Transmutations | |  0.7
Earth Magic    | |  2.4

Action                     || total
---------------------------++-------
   Fire: Sling             ||    39
   Cast: Sandblast         ||    27
    Use: Scroll            ||     3
 Armour: Robe              ||     4
  Dodge: Dodged            ||     8

Table legend: (Time is in decaauts)
 A = Elapsed time spent in this place.
 B = Non-inter-level travel time spent in this place.
 C = Inter-level travel time spent in this place.
 D = Time resting spent in this place.
 E = Time spent auto-exploring this place.
 F = Levels seen in this place.
 G = Mean time per level.
                   A        B        C        D        E       F      G
               +--------+--------+--------+--------+--------+-----+--------+
         Total |   1741 |   1671 |     70 |      0 |   1481 |   3 |  580.3 |
       Dungeon |   1741 |   1671 |     70 |      0 |   1481 |   3 |  580.3 |
               +--------+--------+--------+--------+--------+-----+--------+

Top non-repeatable levels by time:
     D:1: 1077 daAuts
     D:2: 500 daAuts
     D:3: 163 daAuts
